 Dungeon Crawl Stone Soup version 0.32-a0-468-g38b2580584 (webtiles) character file.

Game seed: 10153742944837458459

2697 timneilson the Ruffian (level 9, -3/62 HPs)
             Began as an Octopode Shapeshifter on Feb 24, 2024.
             Was an Initiate of Gozag.
             Killed from afar by an acid dragon (15 damage)
             ... with a splash of acid
             ... on level 7 of the Dungeon.
             The game lasted 00:12:57 (6365 turns).

timneilson the Ruffian (Octopode Shapeshifter)      Turns: 6365, Time: 00:12:58

Health: -3/62      AC: -3    Str: 24    XL:     9   Next: 65%
Magic:  9/9        EV: 15    Int: 12    God:    Gozag
Gold:   850        SH:  0    Dex: 11    Spells: 8/8 levels left

rFire   . .          .
                       - Unarmed
rCold   . . .        (no shield)
rNeg    . . .        (helmet currently unavailable)
rPois   .            (no amulet)
rElec   .            j - +6 ring of strength
rCorr   .            (no ring)
SInv    .            (no ring)
Will    .....        (no ring)
Stlth   ++++         (no ring)
HPRegen 0.30/turn    (no ring)
MPRegen 0.11/turn    (no ring)
                     (no ring)

%: no passive effects
@: beast-form, corroded, studying Fighting
A: beast (slay +3), almost no armour, amphibious, 8 rings, camouflage 1,
gelatinous body 1, (nimble swimmer 1), tentacles
a: Begin Untransformation, Renounce Religion, Potion Petition, Call Merchant,
Bribe Branch


You were on level 7 of the Dungeon.
You worshipped Gozag.
Gozag was pleased with you.
You were a hulking beast.
You visited 2 branches of the dungeon, and saw 8 of its levels.

You collected 923 gold pieces.
You paid 73 gold pieces to Gozag.

Inventory:

Missiles
 e - a throwing net (quivered)
 t - 9 poisoned darts
Jewellery
 j - a +6 ring of strength (left tentacle)
 u - a ring of magical power
Talismans
 b - a beast talisman (active)
 c - a flux talisman
Wands
 p - a wand of digging (3)
 s - a wand of flame (15)
 y - a wand of roots (9)
Scrolls
 m - a scroll of fear
 q - 2 scrolls of torment
 r - a scroll of revelation
 v - a scroll of teleportation
Potions
 a - a potion of lignification
 d - 2 potions of ambrosia
 f - 2 potions of invisibility
 g - a potion of might
 h - a potion of brilliance {unknown}
 i - 3 potions of curing
 k - 2 potions of mutation
 l - a potion of cancellation {unknown}
 n - a potion of haste {unknown}
 o - 3 potions of attraction


   Skills:
 * Level 6.2 Fighting
 * Level 6.2 Dodging
 + Level 5.0 Stealth
 * Level 6.6 Unarmed Combat
 + Level 3.6 Evocations
 * Level 6.1 Shapeshifting


You had 8 spell levels left.
You didn't know any spells.
Your spell library contained the following spells:

 Spells                   Type           Power      Damage    Failure   Level
 Summon Small Mammal      Summ           0%         N/A       32%         1
 Call Canine Familiar     Summ           0%         N/A       69%         3
 Gell's Gravitas          Tloc           0%         N/A       69%         3
 Teleport Other           Tloc           0%         N/A       69%         3
 Summon Blazeheart Golem  Fire/Summ      0%         N/A       97%         4
 Vhi's Electric Charge    Tloc/Air       0%         N/A       97%         4
 Arcjolt                  Conj/Air       0%         1d10      100%        5
 Dispersal                Tloc           0%         N/A       100%        6
 Maxwell's Capacitive Co  Air            0%         ∞         100%        8


Dungeon Overview and Level Annotations

Branches:
Dungeon (7/15)             Temple (1/1) D:4

Altars:
Ashenzari
Cheibriados
Dithmenos
Fedhas
Gozag
Hepliaklqana
Kikubaaqudgha
Makhleb
Nemelex Xobeh
Okawaru
Qazlal
Ru
Sif Muna
Trog
Uskayaw
Vehumet
Wu Jian
Xom
Yredelemnul
Zin
The Shining One

Shops:
D:5 *(![

Annotations:
D:2 1 runed translucent door, Crazy Yiuf
D:4 3 runed translucent doors, Persephone's ghost, amateur VSFi; TheLasagnaBaron's ghost, amateur TrBe
D:6 2 transporters, Aneyh's ghost, amateur TeMo
D:7 Dowan; Duvessa; Joseph


Innate Abilities, Weirdness & Mutations

You are a hulking beast.
Your limbs bulge with bestial killing power. (Slay +3)
You cannot wear most types of armour.
You are amphibious.
You can wear up to eight rings at the same time.
Your skin changes colour to match your surroundings (Stealth+).
Your rubbery body absorbs attacks. (AC +1, EV +1)
((You are camouflaged when in or above water. (Stealth+)))
You have tentacles for arms and can constrict up to eight enemies at once.


Message History

Found a stone staircase leading down.
Found a runed leather armour.
Joseph, a Mercenary comes into view.
He is wielding a +0 quarterstaff and carrying a wand of flame.
Found a potion of curing.
An acid dragon comes into view.
You see here a ring of magical power.
u - a ring of magical power The acid dragon spits acid at you.
The splash of acid hits you!! The acid corrodes you!
You hear a shout! x6
Joseph unwields a +0 quarterstaff.
Joseph wields a +0 sling.
Joseph shoots a sling bullet.
The sling bullet barely misses you.
You tentacle-slap the acid dragon.
You squeeze the acid dragon, but do no damage.
The acid dragon is moderately wounded.
The acid dragon bites you. The acid dragon claws you.
You tentacle-slap the acid dragon but do no damage.
You squeeze the acid dragon!
The acid dragon is heavily wounded.
Joseph zaps a wand.
The puff of flame misses you.
You tentacle-slap the acid dragon.
The acid dragon is severely wounded.
The acid dragon bites you. The acid dragon misses you.
An orc wizard comes into view. It is wielding a +0 dagger.
Joseph shoots a sling bullet.
The sling bullet hits you!
* * * LOW HITPOINT WARNING * * *
You barely miss the acid dragon. Your squeeze misses the acid dragon.
The acid dragon is severely wounded.
The acid dragon bites you.
* * * LOW HITPOINT WARNING * * *
The acid dragon claws you.
* * * LOW HITPOINT WARNING * * *
Joseph zaps a wand.
The puff of flame hits you.
* * * LOW HITPOINT WARNING * * *
You barely miss the acid dragon. Your squeeze misses the acid dragon.
The acid dragon is severely wounded.
The acid dragon spits acid at you. The splash of acid hits you!
You die...
Your body crumbles into a pile of gold.

#.....# #..........# #.
#####...# #..........#
#.
#.......####..........#
#.
#..........+..........#
#.
#.......#..#..........#
#.
#.[......#..##.........#
#........#..............
. +.!@.....#.###.##### .
#...####..h# # ### ##.D#
#..# ##.. ... .... .o..
.....#


You could see Joseph, an acid dragon (catching breath) and an orc wizard.

Vanquished Creatures
  Sigmund (D:3)
  Eustachio (D:5)
  Edmund (D:5)
  A black bear (D:6)
  A sky beast (D:5)
  2 ice beasts
  An ogre (D:5)
  A centaur (D:7)
  A phantom (D:4)
  A kobold brigand (D:6)
  A bullfrog (D:6)
  2 scorpions (D:4)
  5 wights (D:7)
  2 killer bees (D:7)
  5 hounds
  2 bombardier beetles (D:4)
  3 jellies
  6 orc priests
  Jessica (D:3)
  2 iguanas
  3 sleepcaps (D:6)
  Natasha (thrice) (D:2)
  5 orc wizards
  Terence (D:2)
  6 adders
  A shadow imp (D:7)
  A white imp (D:6)
  2 dart slugs
  3 ribbon worms
  23 orcs
  9 ball pythons
  9 bats
  18 endoplasms
  5 giant cockroaches
  6 goblins
  6 hobgoblins
  11 jackals
  18 kobolds
  2 quokkas
  A frilled lizard (D:3)
  3 rats
176 creatures vanquished.

Notes
Turn   | Place    | Note
-------+----------+-------------------------------------------
     0 | D:1      | timneilson the Octopode Shapeshifter began the quest for
                  | the Orb.
     0 | D:1      | Reached XP level 1. HP: 13/13 MP: 1/1
    94 | D:1      | Reached XP level 2. HP: 17/18 MP: 2/2
   213 | D:1      | Reached XP level 3. HP: 14/23 MP: 3/3
   725 | D:1      | Found a faded altar of an unknown god.
  1091 | D:2      | Noticed Natasha
  1133 | D:2      | Killed Natasha
  1134 | D:2      | Reached XP level 4. HP: 20/29 MP: 4/4
  1235 | D:2      | Noticed Natasha
  1241 | D:2      | Killed Natasha
  1409 | D:2      | Reached XP level 5. HP: 32/35 MP: 5/5
  1516 | D:2      | Noticed Terence
  1526 | D:2      | Killed Terence
  1629 | D:2      | Noticed Natasha
  1649 | D:2      | Killed Natasha
  1816 | D:2      | Found a runed translucent door.
  1817 | D:2      | Noticed Crazy Yiuf
  2210 | D:3      | Noticed Jessica
  2218 | D:3      | Killed Jessica
  2359 | D:3      | Reached XP level 6. HP: 41/41 MP: 6/6
  2652 | D:3      | Noticed Sigmund
  2659 | D:3      | Killed Sigmund
  2660 | D:3      | Reached skill level 1 in Stealth
  2824 | D:3      | Reached skill level 1 in Evocations
  2824 | D:3      | Reached XP level 7. HP: 41/46 MP: 7/7
  2876 | D:4      | Found a staircase to the Ecumenical Temple.
  2886 | Temple   | Entered the Ecumenical Temple
  3075 | D:4      | Found a sacrificial altar of Ru.
  3123 | D:4      | Reached skill level 5 in Unarmed Combat
  3163 | D:4      | Found an opulent altar of Gozag.
  3165 | D:4      | Found a stormy altar of Qazlal.
  3210 | D:4      | Became a worshipper of Gozag Ym Sagoz the Greedy
  3284 | D:4      | Found a runed translucent gate.
  3285 | D:4      | Found a runed translucent gate.
  3285 | D:4      | Found a runed translucent gate.
  3285 | D:4      | Noticed Persephone's ghost (amateur VSFi)
  3285 | D:4      | Noticed TheLasagnaBaron's ghost (amateur TrBe)
  3530 | D:5      | Entered Level 5 of the Dungeon
  3534 | D:5      | Noticed Eustachio
  3539 | D:5      | Killed Eustachio
  3540 | D:5      | Reached XP level 8. HP: 54/54 MP: 8/8
  3546 | D:5      | Found a basalt altar of Yredelemnul.
  3556 | D:5      | Reached skill level 5 in Shapeshifting
  3581 | D:5      | Found Tofogaec's Weapon Emporium.
  3589 | D:5      | Found Ykhlatzys's Distillery.
  3651 | D:5      | Found Ytuonuxkiat's General Store.
  3781 | D:5      | Identified the +3 cloak of the Swan {Harm rF++ rC+++ Str-2}
  3879 | D:5      | Found Gierrouq's Armour Boutique.
  3994 | D:5      | Noticed Edmund
  4006 | D:5      | Killed Edmund
  4158 | D:5      | Found a snail-covered altar of Cheibriados.
  4184 | D:5      | Reached skill level 5 in Dodging
  4737 | D:5      | Reached skill level 5 in Fighting
  4938 | D:6      | Reached XP level 9. HP: 55/61 MP: 9/9
  5653 | D:6      | Found a transporter.
  5653 | D:6      | Found a transporter.
  5664 | D:6      | Noticed Aneyh's ghost (amateur TeMo)
  5819 | D:6      | Identified the +9 spear of Deformation {pain, Dex+6}
  5819 | D:6      | Identified the +0 kite shield "Maer" {^Contam Harm rN+++
                  | Dex+5}
  5847 | D:6      | Identified a scroll of acquirement
  5847 | D:6      | Acquired a manual of Fighting
  5868 | D:7      | Noticed Dowan
  5868 | D:7      | Noticed Duvessa
  6308 | D:7      | Reached skill level 5 in Stealth
  6350 | D:7      | Noticed Joseph
  6365 | D:7      | Killed from afar by an acid dragon

Illustrated notes

Levels and vault maps discovered:
D:1:      lightli_arrival_farm, layout_basic, nicolae_ecumenical_snake_handling
D:2:      layout_loops_cross, uniq_crazy_yiuf_cottage, uniq_natasha,
          uniq_terence
D:3:      layout_basic, serial_bayou_crossing, uniq_jessica, uniq_sigmund
D:4:      layout_cave_pools, mainiacjoe_overflow_six_doors_small,
          jmf_multi_god_temple, minmay_temple_entry_gardened_gates,
          gammafunk_ghost_cemetery, minmay_misc_feat_plants
D:5:      cheibrodos_fertilizer, layout_basic, lemuel_doored_altar,
          slow_altar_2, serial_shops, shop,
          nicolae_shop_temple_entry_statues_fountains, shop,
          nicolae_shop_industrial_runoff, uniq_edmund, uniq_eustachio
D:6:      layout_cave_pools, gammafunk_ghost_gnarly_gnolls
D:7:      layout_basic, uniq_joseph, uniq_prince_ribbit1, uniq_duvessa,
          uniq_menkaure, uniq_jeremiah
Temple:   compressed_dpeg_triangle_lava_temple

Skill      XL: |  1  2  3  4  5  6  7  8  9 |
---------------+----------------------------+-----
Fighting       | 2 3 4 5 6 |  6.2
Dodging        | 3 4 5 6 |  6.2
Unarmed Combat | 4 5 6 |  6.6
Stealth        | 1 2 4 5 |  5.0
Shapeshifting  | 4 5 6 |  6.1
Evocations     | 1 2 3 |  3.6

Action                     |  1- 3 |  4- 6 |  7- 9 || total
---------------------------+-------+-------+-------++-------
  Melee: Unarmed           |    80 |    56 |   229 ||   365
         Constrict         |    21 |    17 |    54 ||    92
         Tentacles         |    20 |    10 |    58 ||    88
         Punch             |     2 |     2 |    18 ||    22
    Use: Scroll            |     1 |     6 |     6 ||    13
         Potion            |       |       |     1 ||     1
   Stab: Sleeping          |    10 |     6 |    12 ||    28
         Distracted        |       |       |     2 ||     2
 Armour: Skin              |    30 |    18 |    87 ||   135
  Dodge: Dodged            |    40 |    26 |   124 ||   190

Table legend: (Time is in decaauts)
 A = Elapsed time spent in this place.
 B = Non-inter-level travel time spent in this place.
 C = Inter-level travel time spent in this place.
 D = Time resting spent in this place.
 E = Time spent auto-exploring this place.
 F = Levels seen in this place.
 G = Mean time per level.
                   A        B        C        D        E       F      G
               +--------+--------+--------+--------+--------+-----+--------+
         Total |   6334 |   6159 |    175 |    650 |   4109 |   8 |  791.8 |
       Dungeon |   6332 |   6157 |    175 |    650 |   4109 |   7 |  904.6 |
        Temple |      1 |      1 |      0 |      0 |      0 |   1 |    1.0 |
               +--------+--------+--------+--------+--------+-----+--------+

Top non-repeatable levels by time:
     D:5: 1346 daAuts
     D:1: 1028 daAuts
     D:6: 1006 daAuts
     D:2: 964 daAuts
     D:3: 822 daAuts
     D:4: 698 daAuts
     D:7: 465 daAuts
  Temple: 1 daAuts
